 Dungeon Crawl Stone Soup version 0.31-a0-236-g9a0961fb85 (webtiles) character file.

Game seed: 3242649523107306587

32 qw the Shooter (level 3, -2/21 HPs)
             Began as a Gargoyle Hexslinger on July 10, 2023.
             Slain by a worm (6 damage)
             ... on level 2 of the Dungeon.
             The game lasted 00:00:18 (1222 turns).

qw the Shooter (Gargoyle Hexslinger)                Turns: 1222, Time: 00:00:19

Health: -2/21      AC:  9    Str: 11    XL:     3   Next: 25%
Magic:  4/4        EV: 10    Int: 13    God:
Gold:   46         SH:  0    Dex: 14    Spells: 3/4 levels left

rFire   . . .        Y - +1 sling
rCold   . . .        (no shield)
rNeg    + . .        k - +0 ring mail
rPois   inf          (no helmet)
rElec   +            (no cloak)
rCorr   .            g - +0 pair of gloves
SInv    .            (no boots)
Will    .....        (no amulet)
Stlth   +            (no ring)
HPRegen 0.23/turn    (no ring)
MPRegen 0.09/turn

%: no passive effects
@: no status effects
A: sickness immunity, AC +3, negative energy resistance 1, electricity
resistance, torment resistance 1, petrification resistance
a: no special abilities


You were on level 2 of the Dungeon.
You visited 1 branch of the dungeon, and saw 2 of its levels.

You collected 46 gold pieces.


Innate Abilities, Weirdness & Mutations

You are immune to sickness and miasma.
Your stone body is resilient. (AC +3)
You are immune to poison.
You resist negative energy. (rN+)
You are resistant to electric shocks. (rElec)
You are resistant to unholy torment.
You are immune to petrification.


   Skills:
 - Level 2.3 Fighting
 - Level 3.0 Ranged Weapons
 + Level 0.1 Armour
 - Level 1.5 Dodging
 - Level 1.0 Spellcasting
 - Level 2.6 Hexes


You had 3 spell levels left.
You knew the following spells:

 Your Spells              Type           Power      Damage    Failure   Level
a - Slow                  Hex            28%        N/A       22%         1

Your spell library contained the following spells:

 Spells                   Type           Power      Damage    Failure   Level
 Inner Flame              Hex/Fire       4%         N/A       75%         3
 Portal Projectile        Hex/Tloc       8%         N/A       75%         3
 Cause Fear               Hex            3%         N/A       92%         4

Inventory:

Hand Weapons
 Y - a +1 sling (weapon)
Armour
 g - a +0 pair of gloves (worn)
 k - a +0 ring mail (worn)
Scrolls
 a - a scroll of vulnerability {unknown}
Potions
 d - a potion of degeneration {unknown}
 e - a potion of curing {unknown}
 i - a potion of brilliance {unknown}

Dungeon Overview and Level Annotations

Branches:
Dungeon (2/15)

Altars:

Annotations:
D:2 Jessica


Message History

The endoplasm quivers.
You shoot a sling bullet. The sling bullet hits the endoplasm.
The endoplasm is severely wounded.
You shoot a sling bullet. The sling bullet hits the endoplasm.
You kill the endoplasm!
Found a scroll of noise.
Found a stone staircase leading down.
Jessica, a quokka and a worm come into view.
Jessica shouts!
You shoot a sling bullet.
The sling bullet barely misses the worm.
Jessica gestures at you while chanting. Pain shoots through your body!
You shoot a sling bullet. The sling bullet hits the worm.
The worm is lightly wounded.
The worm bites you.
You shoot a sling bullet. The sling bullet hits the worm.
The worm is lightly wounded.
The quokka closely misses you. The worm bites you.
Jessica hits you with a +0 club.
You shoot a sling bullet. The sling bullet hits the worm.
The worm is moderately wounded.
The quokka bites you but does no damage.
Jessica hits you but does no damage. The quokka barely misses you.
The worm barely misses you.
You shoot a sling bullet.
The sling bullet barely misses the worm.
The quokka bites you but does no damage.
Jessica casts a spell.
Jessica seems to speed up.
The worm bites you but does no damage.
The quokka bites you but does no damage.
Jessica mumbles some strange words.
Jessica blinks!
You shoot a sling bullet. The sling bullet hits the worm.
The worm is moderately wounded.
The quokka twitches its whiskers.
The quokka closely misses you.
Jessica casts a spell.
Jessica blinks!
The worm bites you.
You die...

#.#.######..... .. ##
.............. . ..
###.####.##.### #.#.
#.....##.##.# #.#.
#.#...##.##.# #...
#.#.........#
#..¤###.#...##.##.#
####..¤r..........# .#
.......@...........?.#
###.#.w#....@.........
.....#.#.#...#####.#
##.#.##.#.#...# .# ..
#. #>..#...# . ## #.
#####.### . ..# #


You could see a worm, Jessica (fast) and a quokka.

Vanquished Creatures
  An adder (D:2)
  A dart slug (D:1)
  3 endoplasms
  3 goblins (D:1)
  2 hobgoblins (D:1)
  2 quokkas (D:1)
  2 bats (D:1)
  4 kobolds (D:1)
  2 rats (D:1)
20 creatures vanquished.

Notes
Turn   | Place    | Note
-------+----------+-------------------------------------------
     0 | D:1      | qw the Gargoyle Hexslinger began the quest for the Orb.
     0 | D:1      | Reached XP level 1. HP: 12/12 MP: 2/2
     0 | D:1      | 0 ||| qw: Version: 0.3-a-52-g30416fa
     0 | D:1      | 0 ||| qw: Game counter: 4908
     0 | D:1      | 0 ||| qw: Melee chars always use a shield: true
     0 | D:1      | 0 ||| qw: God list: Okawaru
     0 | D:1      | 0 ||| qw: Allow faded altars: false
     0 | D:1      | 0 ||| qw: Do Orc after clearing Dungeon:15 true
     0 | D:1      | 0 ||| qw: Do second Lair branch before Depths: true
     0 | D:1      | 0 ||| qw: Lair rune preference: random
     0 | D:1      | 0 ||| qw: Goals: Normal
     0 | D:1      | 0 ||| PLANNING D:1-11
   152 | D:1      | Reached XP level 2. HP: 16/16 MP: 3/3
   463 | D:1      | Reached skill level 3 in Ranged Weapons
  1051 | D:1      | 1051 ||| UPGRADING to +0 pair of gloves.
  1056 | D:1      | 1056 ||| UPGRADING to +0 leather armour.
  1066 | D:1      | 1066 ||| DROPPING +0 robe.
  1067 | D:1      | 1067 ||| UPGRADING to +0 ring mail.
  1077 | D:1      | 1077 ||| DROPPING +0 leather armour.
  1078 | D:1      | 1078 ||| READING scroll labelled VOYZOI MAUJANG.
  1079 | D:1      | 1079 ||| READING scroll labelled BISEGU VODUI.
  1084 | D:1      | 1084 ||| READING 2 scrolls labelled LEWISA WIADATT.
  1085 | D:1      | 1085 ||| DROPPING scroll of poison.
  1086 | D:1      | 1086 ||| DROPPING scroll of noise.
  1161 | D:2      | Reached XP level 3. HP: 18/21 MP: 4/4
  1216 | D:2      | Noticed Jessica
  1219 | D:2      | HP: 3/21 [Jessica/+0 club (4)]
  1222 | D:2      | Slain by a worm

Levels and vault maps discovered:
D:1:      dpeg_arrival_water_fire, layout_loops_corners
D:2:      minmay_roachtagon, layout_loops_ring, uniq_jessica, uniq_sigmund

Skill      XL: |  1  2 |
---------------+-------+-----
Ranged Weapons | 3 |  3.0
Fighting       | 2 |  2.3
Armour         | |  0.1
Dodging        | |  1.5
Spellcasting   | |  1.0
Hexes          | |  2.6

Action                     || total
---------------------------++-------
   Fire: Sling             ||    65
    Use: Scroll            ||     3
 Armour: Robe              ||     6
         Ring mail         ||     7
  Dodge: Dodged            ||    21

Table legend:
 A = Non-vault XP
 B = Vault XP
 C = Vault XP percentage of total XP
 D = Non-vault monster count
 E = Vault monster count
 F = Vault count percentage of total count
                 A         B        C        D         E       F
            +---------+---------+-------+---------+---------+-------
      Total |      46 |       0 |   0.0 |      20 |       0 |   0.0
            +---------+---------+-------+---------+---------+-------
        D:1 |      31 |       0 |   0.0 |      18 |       0 |   0.0
        D:2 |      15 |       0 |   0.0 |       2 |       0 |   0.0
            +---------+---------+-------+---------+---------+-------
